cohdb
Replays
Latest Replays
All Replays
Popular Replays
Top Player Replays
Match Explorer
How It Works
Community
CoH3 Stats
Reddit
Sign in to upload your games and track your stats! →
Sign in with Steam
Match 43584393
Unlisted
Match 43584393
Overview
Messages
Build Orders
End
Kettenkrad Recon Vehicle
Construct Infanterie Kompanie
Pioneer Squad
MG 42 Machine Gun Team
Grenadier Squad
Selects Terror Battlegroup
Selects Machine Gun Camouflage
Construct Panzergrenadier Kompanie
251 Medium Carrier
Panzergrenadier Squad
Medical Bunker
Selects Defend the Fatherland
Construct Panzer Kompanie
Stoßtruppen Squad
Sturmpanzer IV Brummbär
PINOCHET
Golden
ConcernedApe
badiba
0
0
Comments
sign in to comment!
No comments posted yet!